 Dungeon Crawl Stone Soup version 0.21.1-1-g345015fe64 (webtiles) character file.

350 Jyngge the Covered (level 6, -2/53 HPs)
             Began as a Minotaur Fighter on June 24, 2018.
             Slain by a worker ant (3 damage)
             ... on level 4 of the Dungeon.
             The game lasted 00:06:40 (2426 turns).

Jyngge the Covered (Minotaur Fighter)               Turns: 2426, Time: 00:06:40

Health: -2/53      AC:  7    Str: 22    XL:     6   Next: 34%
Magic:  5/5        EV:  8    Int:  5    God:
Gold:   151        SH: 10    Dex: 10    Spells: 5/5 levels left

rFire    . . .     SeeInvis .   a - +0 war axe
rCold    . . .     Gourm    .   c - +0 shield
rNeg     . . .     Faith    .   b - +0 scale mail
rPois    .         Spirit   .   (helmet restricted)
rElec    .         Reflect  .   (no cloak)
rCorr    .         Harm     .   (no gloves)
MR       .....                  (no boots)
Stlth    ..........             (no amulet)
HPRegen  0.17/turn              (no ring)
MPRegen  0.09/turn              (no ring)

@: no status effects
A: retaliatory headbutt, horns 2
a: no special abilities


You were on level 4 of the Dungeon.
You were not hungry.

You visited 1 branch of the dungeon, and saw 4 of its levels.

You collected 151 gold pieces.

Inventory:

Hand Weapons
 a - a +0 war axe (weapon)
Missiles
 h - 2 throwing nets (quivered)
Armour
 b - a +0 scale mail (worn)
 c - a +0 shield (worn)
 u - a +0 plate armour
Jewellery
 k - a cursed +5 amulet of reflection {unknown}
 n - an uncursed ring of protection from cold {unknown}
 s - an uncursed ring of positive energy {unknown}
 v - an uncursed ring of wizardry {unknown}
Scrolls
 e - 3 scrolls of identify {unknown}
 g - 2 scrolls of fear {unknown}
 i - 2 scrolls of immolation {unknown}
 j - a scroll of enchant weapon {unknown}
 l - 2 scrolls of teleportation {unknown}
 m - 5 scrolls of remove curse {unknown}
 o - a scroll of fog {unknown}
 x - a scroll of magic mapping {unknown}
Potions
 d - a potion of might
 p - a potion of magic {unknown}
 q - 2 potions of degeneration {unknown}
 t - 3 potions of flight {unknown}
 w - a potion of resistance {unknown}
Comestibles
 f - 5 rations
 r - 6 chunks of flesh


   Skills:
 + Level 4.5 Fighting
 + Level 4.9 Axes
 + Level 5.4 Armour
 + Level 1.2 Dodging
 + Level 5.2 Shields


You had 5 spell levels left.
You didn't know any spells.

Dungeon Overview and Level Annotations

Branches:
Dungeon (4/15)
 Temple: D:4-7

Altars:

Shops:
D:4 [


Innate Abilities, Weirdness & Mutations

You reflexively headbutt those who attack you in melee.
You have a pair of horns on your head.


Message History

You barely miss the orc warrior. You barely miss the orc.
The orc hits you with a war axe.
The orc warrior hits you with a trident!
You barely miss the orc warrior. You closely miss the orc wizard.
The orc wizard hits you but does no damage.
The orc warrior hits you with a trident!
The orc wizard hits you but does no damage.
The orc warrior hits you from afar with a trident.
* * * LOW HITPOINT WARNING * * *
You barely miss the orc wizard. The orc warrior barely misses you.
You block the orc wizard's attack.
You hit the orc wizard but do no damage.
You slash the orc!
You kill the orc!
The orc wizard hits you but does no damage.
The orc warrior hits you from afar with a trident!
* * * LOW HITPOINT WARNING * * *
The orc wizard hits you but does no damage.
The worker ant bites you.
You die...

#.....)......#
#######...####..####
.......∩#.# #..#
.##.#####.# #..# #.#
#..# #.# #..#
#####.####..#
#...........#
#.###o@....##
#a###### ......$o#
......... .#..###o.#
#. #..# # #..# #..#
#..#


You could see an orc warrior, a worker ant, an orc wizard and an orc.

Vanquished Creatures
  Edmund (D:4)
  An orc wizard (D:4)
  2 worker ants (D:4)
  7 adders
  An ooze (D:3)
  3 worms
  2 dart slugs (D:2)
  2 leopard geckos (D:2)
  10 orcs
  3 bats
  4 giant cockroaches
  7 goblins
  3 hobgoblins
  3 jackals (D:3)
  2 quokkas
  2 ball pythons
  A ball python skeleton (D:4)
  5 frilled lizards
  8 kobolds
  3 rats
70 creatures vanquished.

Notes
Turn   | Place    | Note
-------+----------+-------------------------------------------
     0 | D:1      | Jyngge the Minotaur Fighter began the quest for the Orb.
     0 | D:1      | Reached XP level 1. HP: 19/19 MP: 0/0
   565 | D:1      | Reached XP level 2. HP: 27/27 MP: 1/1
   918 | D:2      | Reached XP level 3. HP: 31/33 MP: 2/2
  1219 | D:2      | Reached XP level 4. HP: 40/40 MP: 3/3
  2022 | D:3      | Reached skill level 5 in Armour
  2042 | D:3      | Reached XP level 5. HP: 43/46 MP: 4/4
  2346 | D:4      | Noticed Edmund
  2359 | D:4      | Reached skill level 1 in Dodging
  2364 | D:4      | Killed Edmund
  2364 | D:4      | Reached skill level 5 in Shields
  2364 | D:4      | Reached XP level 6. HP: 43/53 MP: 5/5
  2405 | D:4      | Found Butiwone's Antique Armour Emporium.
  2417 | D:4      | Noticed an orc warrior
  2426 | D:4      | HP: 1/53 [orc warrior/trident (14)]
  2426 | D:4      | Slain by a worker ant

Skill      XL: |  1  2  3  4  5 |
---------------+----------------+-----
Armour         | 4 5 |  5.4
Shields        | 4 5 |  5.2
Fighting       | 4 |  4.5
Axes           | 3 4 |  4.9
Dodging        | 1 |  1.2

Action                   |  1- 3 |  4- 6 || total
-------------------------+-------+-------++-------
Melee: War axe           |    77 |   101 ||   178
       Headbutt          |     4 |    14 ||    18
  Use: Potion            |       |     1 ||     1
  Eat: Chunk             |     1 |     4 ||     5
Armor: Scale mail        |    50 |    49 ||    99
Dodge: Dodged            |    23 |    27 ||    50
Block: Shield            |    43 |    49 ||    92
